 Dungeon Crawl Stone Soup version 0.29.1-1-gd02db6906a (webtiles) character file.

Game seed: 2830895546948445446

94 Orthodox the Trooper (level 4, -2/29 HPs)
             Began as a Gargoyle Monk on Oct 23, 2022.
             Slain by Terence
             ... wielding a +5 trident
              (8 damage)
             ... on level 2 of the Dungeon.
             The game lasted 00:08:08 (3335 turns).

Orthodox the Trooper (Gargoyle Monk)                Turns: 3335, Time: 00:08:09

Health: -2/29      AC:  6    Str: 15    XL:     4   Next: 63%
Magic:  4/4        EV: 13    Int: 10    God:
Gold:   159        SH:  0    Dex: 24    Spells: 3/3 levels left

rFire   . . .      SeeInvis .   n - +9 short sword of the Eleven Olives {drain, Contam rElec Dex+10}
rCold   + . .      Faith    .   (no shield)
rNeg    + . .      Spirit   .   e - +0 leather armour
rPois   ∞          Reflect  .   (no helmet)
rElec   +          Harm     .   (no cloak)
rCorr   .          Rampage  .   (no gloves)
Will    .....                   (no boots)
Stlth   ++........              (no amulet)
HPRegen 0.09/turn               p - ring of protection from cold
MPRegen 0.09/turn               (no ring)

@: no status effects
A: sickness immunity, AC +3, negative energy resistance 1, electricity
resistance, torment resistance 1, petrification resistance
a: no special abilities


You were on level 2 of the Dungeon.
You visited 1 branch of the dungeon, and saw 5 of its levels.

You collected 159 gold pieces.

Inventory:

Hand Weapons
 b - a +3 whip
 n - the +9 short sword of the Eleven Olives (weapon) {drain, Contam rElec Dex+10}
   (You found it on level 3 of the Dungeon)

   A truly terrible weapon, it drains the life of any living foe it strikes.
   Dex:       It affects your dexterity (+10).
   rElec:     It insulates you from electricity.
   Contam:    It causes magical contamination when unequipped.
Armour
 e - a +0 leather armour (worn)
Jewellery
 p - a ring of protection from cold (left hand)
Wands
 k - a wand of paralysis (5)
 q - a wand of digging (5)
Scrolls
 a - 2 scrolls of teleportation
 f - a scroll of blinking {unknown}
 g - a scroll of torment
 i - a scroll of fear
 l - a scroll of butterflies {unknown}
 o - a scroll of noise
 r - a scroll of amnesia {unknown}
Potions
 c - 2 potions of ambrosia
 d - 4 potions of cancellation {unknown}
 h - 3 potions of might {unknown}
 j - 3 potions of heal wounds {unknown}
 m - a potion of curing {unknown}
 s - a potion of lignification {unknown}


   Skills:
 + Level 4.1 Fighting
 + Level 1.0 Short Blades
 - Level 3.8 Maces & Flails
 - Level 1.0 Armour
 - Level 2.7 Dodging
 - Level 2.4 Stealth


You had 3 spell levels left.
You didn't know any spells.
Your spell library contained the following spells:

 Spells                   Type           Power      Damage    Failure   Level
 Magic Dart               Conj           0%         1d3       43%         1
 Call Imp                 Summ           0%         N/A       56%         2
 Dazzling Flash           Conj/Hex       0%         N/A       80%         3
 Mephitic Cloud           Conj/Pois/Air  0%         N/A       80%         3
 Summon Guardian Golem    Hex/Summ       0%         N/A       80%         3
 Hailstorm                Conj/Ice       0%         3d3       99%         4
 Ice Form                 Ice/Tmut       0%         N/A       99%         4
 Agony                    Necr           0%         N/A       100%        5
 Silence                  Hex/Air        0%         N/A       100%        5
 Simulacrum               Ice/Necr       0%         N/A       100%        6
 Orb of Destruction       Conj           0%         9d5       100%        7
 Spellforged Servitor     Conj/Summ      0%         N/A       100%        7


Dungeon Overview and Level Annotations

Branches:
Dungeon (5/15)
 Temple: D:4-7

Altars:
Wu Jian

Annotations:
D:2 Terence
D:3 1 runed translucent door, tizbic2's ghost, amateur DsFi


Innate Abilities, Weirdness & Mutations

You are immune to sickness and miasma.
Your stone body is resilient. (AC +3)
You are immune to poison.
You resist negative energy. (rN+)
You are resistant to electric shocks. (rElec)
You are resistant to unholy torment.
You are immune to petrification.


Message History

You see here a worm corpse.
You see here a worm corpse.
A goblin comes into view. It is wielding a +0 club.
You barely miss the goblin. The goblin closely misses you.
You hit the goblin.
You kill the goblin!
No target in view!
Things that are here:
a +0 club; a goblin corpse
There is a stone staircase leading up here.
You see here 9 stones.
Tizbic2's ghost turns its malevolent gaze towards you.
Could not explore, unopened runed door.
Could not explore, unopened runed door.
Could not explore, unopened runed door.
Could not explore, unopened runed door.
Tizbic2's ghost says, "You can hit me, but you can't hurt me."
There is a stone staircase leading down here.
There is a stone staircase leading up here.
You climb upwards.
Level annotation: Terence
There is a stone staircase leading down here.
Unknown command.
Unknown command.
Unknown command.
Terence shouts!
Terence hits you from afar with a +5 trident.
Terence hits you with a +5 trident!
You are too injured to fight recklessly!
You puncture Terence!
Terence is moderately wounded.
Terence misses you.
You barely miss Terence.
Terence is moderately wounded.
Terence hits you with a +5 trident!
* * * LOW HITPOINT WARNING * * *
You hit Terence.
Terence is severely wounded.
Terence hits you with a +5 trident!
You die...

###..........#..#
#.........##.#..#
#######............#
#........#.######..# ####
#.######...........##### ##...
#.##............##.....# #...#
#....####.....#..###.#.#
##.#.#
###...............##.#.#
#....#
#............@.......####..###
#............@?.####.......#
#..............#.....###.>.#
#..............#.#########.#
#########......#.# #.......###
#......#.# #..........
#.(....#.# #.......###
####.....# #.......... #######
#........##


You could see Terence.

Vanquished Creatures
  A jelly (D:3)
  A gnoll (D:1)
  A worm (D:3)
  4 bats
  4 endoplasms
  A giant cockroach (D:1)
  10 goblins
  7 hobgoblins
  5 kobolds
  3 quokkas
  4 ball pythons
  2 frilled lizards
  4 rats
47 creatures vanquished.

Notes
Turn   | Place    | Note
-------+----------+-------------------------------------------
     0 | D:1      | Orthodox the Gargoyle Monk began the quest for the Orb.
     0 | D:1      | Reached XP level 1. HP: 14/14 MP: 1/1
   225 | D:1      | Reached XP level 2. HP: 13/19 MP: 2/2
   782 | D:1      | Reached XP level 3. HP: 23/23 MP: 3/3
   826 | D:1      | HP: 1/23 [gnoll/+0 flail (5)]
  1798 | D:2      | Found an ornate altar of the Wu Jian Council.
  1933 | D:2      | Noticed Terence
  2031 | D:2      | Reached skill level 1 in Armour
  2410 | D:3      | Identified the +9 short sword of the Eleven Olives {drain,
                  | Contam rElec Dex+10}
  2661 | D:3      | Found a runed translucent door.
  2661 | D:3      | Noticed tizbic2's ghost (amateur DsFi)
  2687 | D:3      | Reached XP level 4. HP: 24/29 MP: 4/4
  2740 | D:3      | You fall into a shaft and drop 2 floors!
  2740 | D:5      | Entered Level 5 of the Dungeon
  3034 | D:3      | Reached skill level 4 in Fighting
  3130 | D:3      | Reached skill level 1 in Short Blades
  3335 | D:2      | Slain by Terence

Illustrated notes

Levels and vault maps discovered:
D:1:      shiori_arrival_oz, layout_basic, chequers_serial_rivers_room_b
D:2:      layout_basic, basic_altar, nrook_uturn, uniq_terence
D:3:      layout_loops_ring, hellmonk_ghost_happy_afterlife, minmay_misc_feat_x
D:4:      layout_loops_ring, kennysheep_mini, cheibriados_altar_2,
          mainiacjoe_overflow_alcove_4, minmay_temple_entry_ruins,
          gammafunk_ghost_cemetery, uniq_sigmund
D:5:      layout_cave_pools, minmay_misc_feat_diagonals,
          hangedman_feature_mirror, uniq_eustachio

Skill      XL: |  1  2  3  4 |
---------------+-------------+-----
Armour         | 1 |  1.0
Fighting       | 4 |  4.1
Short Blades   | 1 |  1.0
Maces & Flails | |  3.8
Dodging        | |  2.7
Stealth        | |  2.4

Action                   |  1- 3 |  4- 6 || total
-------------------------+-------+-------++-------
Melee: Mace              |    10 |       ||    10
       Whip              |   103 |       ||   103
       Punch             |     2 |       ||     2
       Short sword       |     3 |    10 ||    13
  Use: Scroll            |       |     4 ||     4
 Stab: Sleeping          |     3 |     1 ||     4
Armor: Leather armour    |    29 |     3 ||    32
       Robe              |     1 |       ||     1
Dodge: Dodged            |    43 |     6 ||    49
